TOP OF THE 1ST |
Seattle (APP) Mariners batting - Pitching for Bluefield Blue Jays : LHP Jon Moore
|
Pitching: LHP Jon Moore
|
|
Batting: RHB Kikuo Sato
|
0-0: SINGLE (Line Drive, 56D, EV 109.4 MPH)
|
Batting: RHB Mike Conaway
|
0-0: Ball Kikuo Sato steals 2nd base 1-0: Foul Ball, location: 2F 1-1: Ball 2-1: Foul Ball, location: 2F 2-2: Ball 3-2: Base on Balls
|
Batting: RHB Tze-meng Li
|
0-0: Fly out, F7 (Flyball, 78D, EV 93.8 MPH)
|
Batting: LHB Ryan Lowe
|
0-0: Ball 1-0: Ball 2-0: Called Strike 2-1: Foul Ball, location: 2F 2-2: Ball 3-2: Foul Ball, location: 2F 3-2: Foul Ball, location: 2F 3-2: Base on Balls Kikuo Sato to third Mike Conaway to second
|
Batting: RHB Ivan Davila
|
0-0: Called Strike 0-1: Foul Ball, location: 2F 0-2: Ball 1-2: Foul Ball, location: 2F 1-2: Strikes out looking
|
Batting: RHB Chris Olheiser
|
0-0: Fly out, F7 (Flyball, 7, EV 89.4 MPH)
|
Top of the 1st over - 0 runs, 1 hit, 0 errors, 3 left on base; Seattle (APP) 0 - Bluefield 0 |
BOTTOM OF THE 1ST |
Bluefield Blue Jays batting - Pitching for Seattle (APP) Mariners : LHP Chan-u Lee
|
Pitching: LHP Chan-u Lee
|
|
Batting: RHB John Hering
|
0-0: Ball 1-0: Ball 2-0: Called Strike 2-1: Foul Ball, location: 2F 2-2: Strikes out swinging
|
Batting: SHB Ryan Chicoine
|
0-0: Foul Ball, location: 2F 0-1: Ball 1-1: Foul Ball, location: 2F 1-2: Foul Ball, location: 2F 1-2: Ball 2-2: Ground out 5-3 (Groundball, 56S, EV 89.4 MPH)
|
Batting: RHB Taylor Peavey
|
0-0: Called Strike 0-1: Fly out, F9 (Flyball, 9LM, EV 76.9 MPH)
|
Bottom of the 1st over - 0 runs, 0 hits, 0 errors, 0 left on base; Seattle (APP) 0 - Bluefield 0 |
TOP OF THE 2ND |
Seattle (APP) Mariners batting - Pitching for Bluefield Blue Jays : LHP Jon Moore
|
Batting: SHB Tony Morales
|
0-0: Ground out 4-3 (Groundball, 34, EV 99.4 MPH)
|
Batting: RHB Enrique Valdez
|
0-0: Swinging Strike 0-1: Ball 1-1: Ball 2-1: Called Strike 2-2: Foul Ball, location: 2F 2-2: Ball 3-2: Base on Balls
|
Batting: RHB Houston Brock
|
0-0: Ball 1-0: Foul Ball, location: 2F 1-1: Swinging Strike 1-2: Ball 2-2: Fly out, F8 (Flyball, 8RD, EV 97.5 MPH)
|
Batting: RHB Kikuo Sato
|
0-0: Ball 1-0: Called Strike 1-1: Ground out 4-3 (Groundball, 4, EV 83.1 MPH)
|
Top of the 2nd over - 0 runs, 0 hits, 0 errors, 1 left on base; Seattle (APP) 0 - Bluefield 0 |
BOTTOM OF THE 2ND |
Bluefield Blue Jays batting - Pitching for Seattle (APP) Mariners : LHP Chan-u Lee
|
Batting: RHB Jordan Fairburn
|
0-0: Foul Ball, location: 2F 0-1: Ball 1-1: Foul Ball, location: 2F 1-2: Strikes out looking
|
Batting: SHB Jack Andrews
|
0-0: Called Strike 0-1: Ball 1-1: Foul Ball, location: 2F 1-2: Ball 2-2: Ball 3-2: Ground out 6-3 (Groundball, 6, EV 87.5 MPH)
|
Batting: RHB Mike Johnson
|
0-0: Ball 1-0: Ball 2-0: SINGLE (Line Drive, 7LM, EV 105.6 MPH)
|
Batting: SHB Scott Robbins
|
0-0: Called Strike 0-1: SINGLE (Groundball, 6MD, EV 102.5 MPH) Mike Johnson to second Runner from 2nd tries for 3rd, SAFE, throw by CF made to third Scott Robbins to second
|
Batting: RHB Tokuji Kawabata
|
0-0: Called Strike 0-1: Swinging Strike 0-2: Ball 1-2: Strikes out looking
|
Bottom of the 2nd over - 0 runs, 2 hits, 0 errors, 2 left on base; Seattle (APP) 0 - Bluefield 0 |
TOP OF THE 3RD |
Seattle (APP) Mariners batting - Pitching for Bluefield Blue Jays : LHP Jon Moore
|
Batting: RHB Mike Conaway
|
0-0: Ball 1-0: Called Strike 1-1: Ball 2-1: Called Strike 2-2: Ball 3-2: DOUBLE (Flyball, 8RXD, EV 89.4 MPH)
|
Batting: RHB Tze-meng Li
|
0-0: Ball 1-0: Swinging Strike 1-1: Swinging Strike 1-2: Strikes out looking
|
Batting: LHB Ryan Lowe
|
0-0: Fly out, F8 (Line Drive, 8LM, EV 89.4 MPH)
|
Batting: RHB Ivan Davila
|
0-0: 2-RUN HOME RUN (Flyball, 7D, EV 94.4 MPH), Distance : 378 ft
|
Batting: RHB Chris Olheiser
|
0-0: Ball 1-0: Foul Ball, location: 2F 1-1: Fly out, F8 (Flyball, 8LXD, EV 98.1 MPH)
|
Top of the 3rd over - 2 runs, 2 hits, 0 errors, 0 left on base; Seattle (APP) 2 - Bluefield 0 |
BOTTOM OF THE 3RD |
Bluefield Blue Jays batting - Pitching for Seattle (APP) Mariners : LHP Chan-u Lee
|
Batting: RHB Wade Diamond
|
0-0: Called Strike 0-1: Ball 1-1: Foul Ball, location: 2F 1-2: Foul Ball, location: 2F 1-2: Foul Ball, location: 2F 1-2: Ball 2-2: Foul Ball, location: 2F 2-2: Strikes out swinging
|
Batting: RHB John Hering
|
0-0: Called Strike 0-1: Ball 1-1: Ground out 4-3 (Groundball, 4, EV 85.6 MPH)
|
Batting: SHB Ryan Chicoine
|
0-0: Called Strike 0-1: Foul Ball, location: 2F 0-2: Ball 1-2: Foul Ball, location: 2F 1-2: Ball 2-2: Fly out, F7 (Line Drive, 7, EV 100.0 MPH)
|
Bottom of the 3rd over - 0 runs, 0 hits, 0 errors, 0 left on base; Seattle (APP) 2 - Bluefield 0 |
TOP OF THE 4TH |
Seattle (APP) Mariners batting - Pitching for Bluefield Blue Jays : LHP Jon Moore
|
Batting: SHB Tony Morales
|
0-0: Called Strike 0-1: Foul Ball, location: 2F 0-2: Foul Ball, location: 2F 0-2: Strikes out looking
|
Batting: RHB Enrique Valdez
|
0-0: Ball 1-0: Foul Ball, location: 2F 1-1: Ball 2-1: Foul Ball, location: 2F 2-2: Ball 3-2: Strikes out looking
|
Batting: RHB Houston Brock
|
0-0: Ball 1-0: Ball 2-0: Called Strike 2-1: Ground out 6-3 (Groundball, 6, EV 87.5 MPH)
|
Top of the 4th over - 0 runs, 0 hits, 0 errors, 0 left on base; Seattle (APP) 2 - Bluefield 0 |
BOTTOM OF THE 4TH |
Bluefield Blue Jays batting - Pitching for Seattle (APP) Mariners : LHP Chan-u Lee
|
Batting: RHB Taylor Peavey
|
0-0: Ball 1-0: Called Strike 1-1: Ball 2-1: Ball 3-1: Base on Balls
|
Batting: RHB Jordan Fairburn
|
0-0: Ball 1-0: Ball 2-0: Ball 3-0: Called Strike 3-1: Base on Balls Taylor Peavey to second
|
Batting: SHB Jack Andrews
|
0-0: Ball 1-0: Foul Ball, location: 2F 1-1: Fielders Choice at 2nd, 3-6 (Groundball, 34, EV 86.9 MPH) Taylor Peavey to third
|
Batting: RHB Mike Johnson
|
0-0: Ball Jack Andrews steals 2nd base 1-0: Swinging Strike 1-1: SINGLE (Groundball, 56D, EV 100.0 MPH) Taylor Peavey scores Jack Andrews to third Throwing error, E7 Jack Andrews scores Mike Johnson to second
|
Batting: SHB Scott Robbins
|
0-0: Foul Ball, location: 2F 0-1: Ball 1-1: Foul Ball, location: 2F 1-2: Reached on error, E6 (Groundball, 56D, EV 105.0 MPH) Mike Johnson to third
|
Batting: RHB Tokuji Kawabata
|
0-0: Called Strike 0-1: Ball 1-1: Ball 2-1: Ball 3-1: Base on Balls Scott Robbins to second
|
Batting: RHB Wade Diamond
|
0-0: Ball 1-0: Ball 2-0: Ball 3-0: Called Strike 3-1: Base on Balls Mike Johnson scores Scott Robbins to third Tokuji Kawabata to second
|
Batting: RHB John Hering
|
0-0: Ball 1-0: Ball 2-0: Called Strike 2-1: Foul Ball, location: 2F 2-2: Strikes out swinging
|
Batting: SHB Ryan Chicoine
|
0-0: Ball 1-0: Called Strike 1-1: Ball 2-1: Ball 3-1: Foul Ball, location: 2F 3-2: Foul Ball, location: 2F 3-2: Foul Ball, location: 2F 3-2: Strikes out swinging
|
Bottom of the 4th over - 3 runs, 1 hit, 2 errors, 3 left on base; Seattle (APP) 2 - Bluefield 3 |
TOP OF THE 5TH |
Seattle (APP) Mariners batting - Pitching for Bluefield Blue Jays : LHP Jon Moore
|
Batting: RHB Kikuo Sato
|
0-0: Ground out 6-3 (Groundball, 6MS, EV 81.9 MPH)
|
Batting: RHB Mike Conaway
|
0-0: Foul Ball, location: 2F 0-1: Foul Ball, location: 2F 0-2: Ball 1-2: Strikes out swinging
|
Batting: RHB Tze-meng Li
|
0-0: Ball 1-0: Foul Ball, location: 2F 1-1: Foul Ball, location: 2F 1-2: Ball 2-2: Ball 3-2: Foul Ball, location: 2F 3-2: Ground out 5-3 (Groundball, 5, EV 77.5 MPH)
|
Top of the 5th over - 0 runs, 0 hits, 0 errors, 0 left on base; Seattle (APP) 2 - Bluefield 3 |
BOTTOM OF THE 5TH |
Bluefield Blue Jays batting - Pitching for Seattle (APP) Mariners : LHP Chan-u Lee
|
Batting: RHB Taylor Peavey
|
0-0: Foul Ball, location: 2F 0-1: Ball 1-1: Ball 2-1: Swinging Strike 2-2: Ground out 4-3 (Groundball, 4M, EV 103.1 MPH)
|
Batting: RHB Jordan Fairburn
|
0-0: Called Strike 0-1: Ball 1-1: Ground out 4-3 (Groundball, 4, EV 94.4 MPH)
|
Pitching: RHP Harry Hammons
|
|
Batting: SHB Jack Andrews
|
0-0: Called Strike 0-1: Ball 1-1: SINGLE (Line Drive, 6MD, EV 98.1 MPH)
|
Batting: RHB Mike Johnson
|
0-0: Fielders Choice at 2nd, 6-4 (Groundball, 56, EV 85.0 MPH)
|
Bottom of the 5th over - 0 runs, 1 hit, 0 errors, 1 left on base; Seattle (APP) 2 - Bluefield 3 |
TOP OF THE 6TH |
Seattle (APP) Mariners batting - Pitching for Bluefield Blue Jays : LHP Jon Moore
|
Batting: LHB Ryan Lowe
|
0-0: Called Strike 0-1: Ball 1-1: Foul Ball, location: 2F 1-2: Ball 2-2: Foul Ball, location: 2F 2-2: Ball 3-2: Fly out, F9 (Flyball, 89S, EV 94.4 MPH)
|
Batting: RHB Ivan Davila
|
0-0: Ball 1-0: Called Strike 1-1: Ground out 5-3 (Groundball, 56S, EV 78.8 MPH)
|
Batting: RHB Chris Olheiser
|
0-0: Ball 1-0: Called Strike 1-1: Ball 2-1: Called Strike 2-2: Ball 3-2: Foul Ball, location: 2F 3-2: Base on Balls
|
Batting: SHB Tony Morales
|
0-0: Called Strike 0-1: Ball 1-1: SINGLE (Groundball, 34D, EV 101.9 MPH) Chris Olheiser to second Runner from 2nd tries for 3rd, SAFE, no throw by RF
|
Batting: RHB Enrique Valdez
|
0-0: Called Strike 0-1: Ball Wild Pitch! Chris Olheiser scores Tony Morales to second 1-1: Intentional Walk
|
Pitching: LHP Akinori Morikawa
|
|
Batting: RHB Houston Brock
|
0-0: Ball 1-0: Foul Ball, location: 2F 1-1: Called Strike 1-2: Ball 2-2: Strikes out swinging
|
Top of the 6th over - 1 run, 1 hit, 0 errors, 2 left on base; Seattle (APP) 3 - Bluefield 3 |
BOTTOM OF THE 6TH |
Bluefield Blue Jays batting - Pitching for Seattle (APP) Mariners : RHP Harry Hammons
|
Batting: SHB Scott Robbins
|
0-0: Ball 1-0: Called Strike 1-1: Ball 2-1: Ball 3-1: Foul Ball, location: 2F 3-2: Ground out 5-3 (Groundball, 56S, EV 83.8 MPH)
|
Batting: RHB Tokuji Kawabata
|
0-0: Swinging Strike 0-1: Swinging Strike 0-2: Strikes out swinging
|
Batting: RHB Wade Diamond
|
0-0: Called Strike 0-1: Foul Ball, location: 2F 0-2: Foul Ball, location: 2F 0-2: Strikes out swinging
|
Bottom of the 6th over - 0 runs, 0 hits, 0 errors, 0 left on base; Seattle (APP) 3 - Bluefield 3 |
TOP OF THE 7TH |
Seattle (APP) Mariners batting - Pitching for Bluefield Blue Jays : LHP Akinori Morikawa
|
Pitching: RHP Bobby Leija
|
|
Batting: RHB Kikuo Sato
|
0-0: Ball 1-0: Ground out 6-3 (Groundball, 6, EV 103.1 MPH)
|
Batting: RHB Mike Conaway
|
0-0: Ball 1-0: Ball 2-0: Ground out 5-3 (Groundball, 56S, EV 81.3 MPH)
|
Batting: RHB Tze-meng Li
|
0-0: Called Strike 0-1: Ball 1-1: Foul Ball, location: 2F 1-2: Ball 2-2: Strikes out swinging
|
Top of the 7th over - 0 runs, 0 hits, 0 errors, 0 left on base; Seattle (APP) 3 - Bluefield 3 |
BOTTOM OF THE 7TH |
Bluefield Blue Jays batting - Pitching for Seattle (APP) Mariners : RHP Harry Hammons
|
Pitching: LHP Mitch Lewis
|
|
Batting: RHB John Hering
|
0-0: Foul Ball, location: 2F 0-1: Fly out, F8 (Flyball, 8RD, EV 88.1 MPH)
|
Batting: SHB Ryan Chicoine
|
0-0: Ball 1-0: Foul Ball, location: 2F 1-1: Ball 2-1: Swinging Strike 2-2: Ball 3-2: Foul Ball, location: 2F 3-2: Foul Ball, location: 2F 3-2: Fly out, F8 (Flyball, 89D, EV 101.3 MPH)
|
Batting: RHB Taylor Peavey
|
0-0: Fly out, F8 (Flyball, 89M, EV 85.6 MPH)
|
Bottom of the 7th over - 0 runs, 0 hits, 0 errors, 0 left on base; Seattle (APP) 3 - Bluefield 3 |
TOP OF THE 8TH |
Seattle (APP) Mariners batting - Pitching for Bluefield Blue Jays : RHP Bobby Leija
|
Pitching: RHP Dave Kurtz
|
|
Batting: LHB Ryan Lowe
|
0-0: Ball 1-0: Ball 2-0: Called Strike 2-1: Called Strike 2-2: Hit by Pitch
|
Batting: RHB Ivan Davila
|
0-0: Ball 1-0: Fly out, F8 (Flyball, 8LM, EV 74.4 MPH)
|
Batting: RHB Chris Olheiser
|
0-0: Called Strike 0-1: Called Strike 0-2: Foul Ball, location: 2F 0-2: Ball 1-2: Ball 2-2: Fly out, F7 (Line Drive, 7S, EV 91.9 MPH)
|
Batting: SHB Tony Morales
|
0-0: Fly out, F4 (Line Drive, 4, EV 72.5 MPH)
|
Top of the 8th over - 0 runs, 0 hits, 0 errors, 1 left on base; Seattle (APP) 3 - Bluefield 3 |
BOTTOM OF THE 8TH |
Bluefield Blue Jays batting - Pitching for Seattle (APP) Mariners : LHP Mitch Lewis
|
Batting: RHB Jordan Fairburn
|
0-0: Called Strike 0-1: Ball 1-1: Ball 2-1: Ball 3-1: Called Strike 3-2: Foul Ball, location: 2F 3-2: Foul Ball, location: 2F 3-2: Base on Balls
|
Batting: SHB Jack Andrews
|
0-0: Fly out, F7 (Line Drive, 7, EV 84.4 MPH)
|
Batting: RHB Mike Johnson
|
0-0: Ball Wild Pitch! Jordan Fairburn to second 1-0: SINGLE (Line Drive, 7S, EV 98.8 MPH) Jordan Fairburn to third Runner from 3rd tries for Home, SAFE, throw by LF to home Mike Johnson to second
|
Batting: SHB Scott Robbins
|
0-0: Ball 1-0: Ball 2-0: Foul Ball, location: 2F 2-1: Ball Wild Pitch! Mike Johnson to third 3-1: Called Strike 3-2: Strikes out looking
|
Batting: RHB Tokuji Kawabata
|
0-0: Fly out, F7 (Line Drive, 7, EV 86.3 MPH)
|
Bottom of the 8th over - 1 run, 1 hit, 0 errors, 1 left on base; Seattle (APP) 3 - Bluefield 4 |
TOP OF THE 9TH |
Seattle (APP) Mariners batting - Pitching for Bluefield Blue Jays : RHP Dave Kurtz
|
Pitching: LHP Dylan Batstone
|
|
Batting: RHB Enrique Valdez
|
0-0: SOLO HOME RUN (Flyball, 9LD, EV 90.6 MPH), Distance : 331 ft
|
Pinch Hitting: RHB Hideo Okimura
|
0-0: Ball 1-0: Swinging Strike 1-1: Swinging Strike 1-2: Strikes out swinging
|
Batting: RHB Kikuo Sato
|
0-0: Ground out 6-3 (Groundball, 6S, EV 85.0 MPH)
|
Batting: RHB Mike Conaway
|
0-0: Ball 1-0: Ball 2-0: Ground out 5-3 (Groundball, 5, EV 105.0 MPH)
|
Top of the 9th over - 1 run, 1 hit, 0 errors, 0 left on base; Seattle (APP) 4 - Bluefield 4 |
BOTTOM OF THE 9TH |
Bluefield Blue Jays batting - Pitching for Seattle (APP) Mariners : LHP Mitch Lewis
|
Pitching: RHP In Bea
|
|
Now in CF: Kikuo Sato
|
|
Now in RF: Hideo Okimura
|
|
Batting: RHB Wade Diamond
|
0-0: Ball 1-0: Foul Ball, location: 2F 1-1: Foul Ball, location: 2F 1-2: Strikes out swinging
|
Pinch Hitting: LHB Cesar Arteaga
|
0-0: Foul Ball, location: 2F 0-1: Swinging Strike 0-2: Ball 1-2: Ball 2-2: Ball 3-2: Fly out, F7 (Flyball, 78S, EV 78.1 MPH)
|
Batting: SHB Ryan Chicoine
|
0-0: Ball 1-0: Ball 2-0: Fly out, F8 (Flyball, 8LXD, EV 91.9 MPH)
|
Bottom of the 9th over - 0 runs, 0 hits, 0 errors, 0 left on base; Seattle (APP) 4 - Bluefield 4 |
TOP OF THE 10TH |
Seattle (APP) Mariners batting - Pitching for Bluefield Blue Jays : LHP Dylan Batstone
|
Now at 1B: Gary Wilson
|
|
Batting: RHB Tze-meng Li
|
0-0: SINGLE (Line Drive, 9LS, EV 91.9 MPH)
|
Batting: LHB Ryan Lowe
|
0-0: Called Strike 0-1: Ball 1-1: Ball 2-1: Ball 3-1: Called Strike 3-2: Reached on error, E8 (Flyball, 78M, EV 91.9 MPH) Tze-meng Li to second
|
Batting: RHB Ivan Davila
|
0-0: Ball 1-0: Fly out, F7 (Flyball, 7D, EV 90.6 MPH)
|
Batting: RHB Chris Olheiser
|
0-0: Ball 1-0: Called Strike 1-1: Ball 2-1: Ball 3-1: Bunted foul 3-2: SINGLE (Groundball, 6, EV 98.1 MPH) Tze-meng Li to third Ryan Lowe to second
|
Batting: SHB Tony Morales
|
0-0: Called Strike 0-1: Ball 1-1: Foul Ball, location: 2F 1-2: Strikes out swinging
|
Batting: RHB Enrique Valdez
|
0-0: Ball 1-0: Called Strike 1-1: Foul Ball, location: 2F 1-2: Fly out, F9 (Line Drive, 9, EV 85.6 MPH)
|
Top of the 10th over - 0 runs, 2 hits, 1 error, 3 left on base; Seattle (APP) 4 - Bluefield 4 |
BOTTOM OF THE 10TH |
Bluefield Blue Jays batting - Pitching for Seattle (APP) Mariners : RHP In Bea
|
Batting: LHB Brennan Crisp
|
0-0: Ball 1-0: Called Strike 1-1: Called Strike 1-2: Ground out 4-3 (Groundball, 4, EV 91.9 MPH)
|
Batting: RHB Jordan Fairburn
|
0-0: Fly out, F9 (Flyball, 9, EV 95.0 MPH)
|
Batting: SHB Jack Andrews
|
0-0: Ball 1-0: Foul Ball, location: 2F 1-1: Ball 2-1: Ball 3-1: Foul Ball, location: 2F 3-2: Strikes out swinging
|
Bottom of the 10th over - 0 runs, 0 hits, 0 errors, 0 left on base; Seattle (APP) 4 - Bluefield 4 |
TOP OF THE 11TH |
Seattle (APP) Mariners batting - Pitching for Bluefield Blue Jays : LHP Dylan Batstone
|
Batting: RHB Hideo Okimura
|
0-0: Foul Ball, location: 2F 0-1: Foul Ball, location: 2F 0-2: Ball 1-2: Ball 2-2: Strikes out looking
|
Batting: RHB Kikuo Sato
|
0-0: Foul Ball, location: 2F 0-1: Ball 1-1: Foul Ball, location: 2F 1-2: Ball 2-2: Ball 3-2: DOUBLE (Groundball, 3L, EV 104.4 MPH)
|
Batting: RHB Mike Conaway
|
0-0: Swinging Strike 0-1: Ground out 5-3 (Groundball, 56, EV 85.0 MPH)
|
Batting: RHB Tze-meng Li
|
0-0: Intentional Walk
|
Batting: LHB Ryan Lowe
|
0-0: Called Strike 0-1: Ball 1-1: Ball 2-1: Called Strike 2-2: Foul Ball, location: 2F 2-2: DOUBLE (Flyball, 89XD, EV 103.8 MPH) Kikuo Sato scores Tze-meng Li to third
|
Pitching: RHP Scott Olson
|
|
Batting: RHB Ivan Davila
|
0-0: Called Strike 0-1: Ball 1-1: Foul Ball, location: 2F 1-2: Ball 2-2: Ball 3-2: Strikes out swinging
|
Top of the 11th over - 1 run, 2 hits, 0 errors, 2 left on base; Seattle (APP) 5 - Bluefield 4 |
BOTTOM OF THE 11TH |
Bluefield Blue Jays batting - Pitching for Seattle (APP) Mariners : RHP In Bea
|
Pitching: LHP Adam Parrish
|
|
Batting: RHB Mike Johnson
|
0-0: Foul Ball, location: 2F 0-1: Ball 1-1: DOUBLE (Line Drive, 7LS, EV 89.4 MPH)
|
Batting: SHB Scott Robbins
|
0-0: Called Strike 0-1: Ball 1-1: Ball 2-1: Foul Ball, location: 2F 2-2: Strikes out swinging
|
Batting: RHB Tokuji Kawabata
|
0-0: Foul Ball, location: 2F 0-1: Foul Ball, location: 2F 0-2: Foul Ball, location: 2F 0-2: Ball 1-2: Ball 2-2: Ball 3-2: Foul Ball, location: 2F 3-2: Base on Balls
|
Batting: RHB Wade Diamond
|
0-0: Hit by Pitch Mike Johnson to third Tokuji Kawabata to second
|
Batting: RHB Gary Wilson
|
0-0: Ball 1-0: Ball 2-0: Called Strike 2-1: Ball 3-1: Foul Ball, location: 2F 3-2: Foul Ball, location: 2F 3-2: Base on Balls Mike Johnson scores Tokuji Kawabata to third Wade Diamond to second
|
Pitching: RHP Willie Sanchez
|
|
Batting: SHB Ryan Chicoine
|
0-0: Ball Wild Pitch! Tokuji Kawabata scores
|
Bottom of the 11th over - 2 runs, 1 hit, 0 errors, 0 left on base; Seattle (APP) 5 - Bluefield 6 |
|
Game Over ... Bluefield defeats Seattle (APP), 6 to 5
|
|
|